 Dungeon Crawl Stone Soup version 0.22.1-1-ga44c0e5 (webtiles) character file.

18571 gbos the Nimble (level 12, -4/90 HPs)
             Began as a Deep Dwarf Transmuter on Sept 30, 2018.
             Was an Elder of Makhleb.
             Slain by a shadow (28 damage)
             ... in a labyrinth.
             The game lasted 01:23:50 (14037 turns).

gbos the Nimble (Deep Dwarf Transmuter)            Turns: 14037, Time: 01:23:51

Health: -4/90      AC: 12    Str: 15    XL:     12   Next: 28%
Magic:  10/10      EV: 18    Int: 18    God:    Makhleb [****..]
Gold:   673        SH:  0    Dex: 13    Spells: 15/27 levels left

rFire    + + .     SeeInvis .     - Unarmed
rCold    . . .     Gourm    +   (no shield)
rNeg     . . .     Faith    .   p - +1 robe {rF+}
rPois    .         Spirit   .   (no helmet)
rElec    .         Reflect  .   x - +0 cloak
rCorr    .         Harm     .   M - +2 pair of gloves
MR       +....                  C - +0 pair of boots
Stlth    +.........             j - amulet of the gourmand
HPRegen  0.00/turn              y - +4 ring of protection
MPRegen  0.12/turn              l - ring of protection from fire

@: appendage, non-regenerating
A: damage resistance, heal wounds, horns 2, sense surroundings 2, no
regeneration
a: Heal Wounds, End Transformation, Minor Destruction, Lesser Servant of
Makhleb, Major Destruction, Renounce Religion


You were in a labyrinth.
You worshipped Makhleb.
Makhleb was greatly pleased with you.
You were completely stuffed.
You had grown temporary horns.
You visited 2 branches of the dungeon, and saw 13 of its levels.
You also visited: Labyrinth and Ice Cave.

You collected 673 gold pieces.

Inventory:

Hand Weapons
 b - a +1 demon blade of flaming
Missiles
 a - 128 arrows
Armour
 f - a +0 helmet
 p - a +1 robe of fire resistance (worn)
 x - a +0 cloak (worn)
 C - a +0 pair of boots (worn)
 M - a +2 pair of gloves (worn)
Magical Staves
 r - an uncursed staff of power
Jewellery
 h - an uncursed ring of attention
 j - an amulet of the gourmand (around neck)
 k - an uncursed ring of wizardry
 l - a ring of protection from fire (right hand)
 y - a +4 ring of protection (left hand)
 I - a +3 ring of strength
Wands
 m - a wand of paralysis (2)
 v - a wand of iceblast (8)
 z - a wand of polymorph (39)
 K - a wand of random effects (29)
 L - a wand of acid (7)
Scrolls
 c - 9 scrolls of remove curse
 e - 2 scrolls of identify
 g - a scroll of magic mapping
 i - 3 scrolls of fear
 n - a scroll of random uselessness {unknown}
 o - 2 scrolls of enchant weapon
Potions
 q - a potion of flight
 s - 3 potions of curing
 w - a potion of agility
 A - 2 potions of brilliance
 B - 2 potions of haste
 E - a potion of might
 G - a potion of mutation
 J - a potion of lignification
Comestibles
 d - 18 rations
 t - 4 chunks of flesh


   Skills:
 - Level 0.8 Fighting
 + Level 10.0 Dodging
 + Level 9.1 Unarmed Combat
 + Level 8.2 Spellcasting
 - Level 4.1 Necromancy
 + Level 9.1 Transmutations
 - Level 3.1 Ice Magic
 * Level 7.2 Invocations
 - Level 4.0 Evocations


You had 15 spell levels left.
You knew the following spells:

 Your Spells              Type           Power        Failure   Level  Hunger
a - Beastly Appendage     Tmut           #####.       1%          1    None
b - Vampiric Draining     Necr           ###.......   5%          3    #......
c - Pain                  Necr           ###.         1%          1    None
d - Spider Form           Tmut/Pois      ###.......   4%          3    #......
e - Ice Form              Ice/Tmut       ####....     8%          4    ###....

Your spell library contained the following spells:

 Spells                   Type           Power        Failure   Level  Hunger
 Animate Skeleton         Necr           N/A          1%          1    None
 Sticks to Snakes         Tmut           #####...     1%          2    None
 Sublimation of Blood     Necr           ###.......   2%          2    None
 Blade Hands              Tmut           #####.....   6%          5    #####..
 Ignite Poison            Fire/Tmut/Pois ###.....     9%          3    #......
 Petrify                  Tmut/Erth      ###.....     14%         4    ###....
 Animate Dead             Necr           N/A          17%         4    ###....
 Alistair's Intoxication  Tmut/Pois      ###.....     38%         5    #####..
 Irradiate                Conj/Tmut      ###.......   38%         5    #####..
 Regeneration             Chrm/Necr      Unusable     N/A         3    N/A

Dungeon Overview and Level Annotations

Branches:
Dungeon (11/15)            Temple (0/1) D:7            Lair (2/6) D:11
    Orc (0/2) D:11
  Swamp: Lair:2-4    Shoals: Lair:2-4     Snake: Lair:2-4    Spider: Lair:2-4

Altars:
Cheibriados
Dithmenos
Fedhas
Gozag
Hepliaklqana
Kikubaaqudgha
Makhleb
Nemelex Xobeh
Trog
Uskayaw
Vehumet
Wu Jian
The Shining One
Beogh

Shops:
D:8 =


Innate Abilities, Weirdness & Mutations

You are resistant to damage.
You can heal yourself by infusing magical energy.
You passively map the area around you.
You do not regenerate.
You have a pair of horns on your head.


Message History

Orders for allies: a - Attack new target. r - Retreat! s - Stop attacking. g - Guard the area. f - Follow me.
Anything else - Cancel.
Gang up on whom?
Press: ? - help, Dir - move target cursor, f - shadow
Aim: a shadow
Okay, then.
What are your orders? t - Shout!
Orders for allies: a - Attack new target. r - Retreat! s - Stop attacking. g - Guard the area. f - Follow me.
Anything else - Cancel.
Gang up on whom?
Press: ? - help, Dir - move target cursor, f - shadow
Aim: a shadow Attack!
The shadow strikes at you from the darkness!
You die...

. ##W ##.
.⌠ #
...##W .#
..#.# .#
.... #.#
###..#..#
#......#
###.#
#..@#
#4#.#
#.#.# #
#.# #.#
#.# #.#
#.# #...#


You could see a shadow and a friendly orange demon.

Vanquished Creatures
  Erica (D:8)
  2 two-headed ogres
  A harpy (D:6)
  2 cyclopes
  Joseph (D:7)
  A gargoyle (D:10)
  An ice statue (IceCv)
  3 spiny frogs
  A kobold demonologist (D:10)
  2 rime drakes (D:11)
  7 ice devils
  A troll (D:10)
  A polar bear (Lair:2)
  4 blink frogs (Lair:1)
  5 hippogriffs
  Prince Ribbit (D:8)
  A wraith (D:11)
  Eustachio (D:5)
  12 yaks
  Grum (D:8)
  2 wyverns
  A hungry ghost (D:3)
  3 vampire mosquitoes (D:8)
  2 porcupines (Lair:1)
  2 water moccasins
  5 ice beasts
  Duvessa (D:5)
  6 orc warriors
  3 sky beasts
  2 phantoms
  5 ogres
  3 wolves (D:8)
  A big kobold (D:10)
  7 bullfrogs
  3 scorpions
  2 troll zombies (D:11)
  Dowan (D:5)
  3 crimson imps
  6 howler monkeys
  A bullfrog zombie (D:7)
  A quasit (D:6)
  A centaur zombie (D:7)
  A centaur skeleton (D:9)
  10 orc priests
  A gnoll shaman (D:6)
  6 hounds
  Ijyb (D:4)
  A bullfrog skeleton (D:6)
  3 iguanas
  4 orc wizards
  5 worker ants
  6 ogre zombies (D:11)
  A hound zombie (D:7)
  7 adders
  7 gnolls
  4 shadow imps
  6 white imps (IceCv)
  4 ufetubi (IceCv)
  An adder skeleton (D:7)
  A worm (D:4)
  4 dart slugs
  4 leopard geckos
  51 orcs
  A ball python (D:1)
  7 bats
  4 giant cockroaches
  8 goblins
  8 hobgoblins
  9 jackals
  15 kobolds
  5 quokkas
  6 frilled lizards
  2 goblin skeletons (D:11)
  A goblin zombie (D:11)
  2 hobgoblin skeletons (D:11)
  8 hobgoblin zombies (D:11)
  A leopard gecko zombie (D:8)
  2 orc skeletons (D:11)
  7 orc zombies (D:11)
  6 rats
  A fungus (D:5)
331 creatures vanquished.

Vanquished Creatures (collateral kills)
  A reaper (IceCv)
  3 ice devils (IceCv)
  A porcupine (Lair:2)
  A bullfrog (Lair:2)
  A white imp (IceCv)
  An ufetubus (IceCv)
8 creatures vanquished.

Vanquished Creatures (others)
  3 white imps (IceCv)
  5 ufetubi (IceCv)
  An orc zombie (D:11)
9 creatures vanquished.

Grand Total: 348 creatures vanquished

Notes
Turn   | Place    | Note
-------+----------+-------------------------------------------
     0 | D:1      | gbos the Deep Dwarf Transmuter began the quest for the Orb.
     0 | D:1      | Reached XP level 1. HP: 16/16 MP: 3/3
   211 | D:1      | Reached XP level 2. HP: 15/24 MP: 3/5
   670 | D:1      | Reached XP level 3. HP: 27/30 MP: 4/6
   784 | D:2      | Reached skill level 3 in Dodging
  1121 | D:2      | Found a faded altar of an unknown god.
  1707 | D:3      | Reached XP level 4. HP: 33/37 MP: 5/7
  1895 | D:3      | Noticed a hungry ghost
  1929 | D:3      | Killed a hungry ghost
  1929 | D:3      | Reached skill level 4 in Dodging
  1929 | D:3      | Reached XP level 5. HP: 28/43 MP: 7/9
  2210 | D:3      | Reached XP level 6. HP: 27/50 MP: 8/11
  2722 | D:3      | Found a glowing golden altar of the Shining One.
  3021 | D:4      | Found a hazy altar of Hepliaklqana.
  3025 | D:4      | Found a hide-covered altar of Uskayaw.
  3026 | D:4      | Found a burning altar of Makhleb.
  3027 | D:4      | Found a sparkling altar of Nemelex Xobeh.
  3027 | D:4      | Found a snail-covered altar of Cheibriados.
  3029 | D:4      | Became a worshipper of Makhleb the Destroyer
  3031 | D:4      | Found a shadowy altar of Dithmenos.
  3072 | D:4      | Found a blossoming altar of Fedhas.
  3553 | D:4      | Found an ornate altar of the Wu Jian Council.
  3554 | D:4      | Found a radiant altar of Vehumet.
  3555 | D:4      | Found a bloodstained altar of Trog.
  3607 | D:4      | Noticed Ijyb
  3642 | D:4      | Killed Ijyb
  3757 | D:5      | Entered Level 5 of the Dungeon
  3851 | D:5      | Noticed a sky beast
  3873 | D:5      | Killed a sky beast
  3944 | D:5      | Reached XP level 7. HP: 56/56 MP: 11/11
  4049 | D:5      | Noticed Eustachio
  4118 | D:5      | Reached skill level 5 in Dodging
  4223 | D:5      | Noticed Dowan
  4224 | D:5      | Noticed Sigmund
  4301 | D:6      | Noticed a hornet
  4301 | D:6      | an ice beast changed into a hornet
  4304 | D:6      | Noticed a harpy
  4304 | D:6      | a hornet changed into a harpy
  4799 | D:5      | Reached skill level 5 in Unarmed Combat
  5090 | D:6      | Reached XP level 8. HP: 38/63 MP: 8/10
  5307 | D:7      | Found a staircase to the Ecumenical Temple.
  5418 | D:7      | Noticed Joseph
  5468 | D:7      | Killed Joseph
  5468 | D:7      | Reached skill level 6 in Dodging
  5538 | D:7      | Reached skill level 5 in Transmutations
  5598 | D:7      | Found an opulent altar of Gozag.
  5853 | D:7      | Reached * piety under Makhleb
  5865 | D:7      | Reached skill level 5 in Spellcasting
  6121 | D:7      | Found an ancient bone altar of Kikubaaqudgha.
  6201 | D:7      | Gained mutation: You passively map the area around you.
                  | [Deep Dwarf growth]
  6201 | D:7      | Reached XP level 9. HP: 45/69 MP: 11/11
  6531 | D:6      | Killed a harpy
  6531 | D:6      | Reached skill level 7 in Dodging
  6708 | D:5      | Noticed Duvessa
  6730 | D:5      | Killed Dowan
  6770 | D:5      | Killed Duvessa
  7041 | D:5      | Noticed Sigmund
  7041 | D:5      | Sigmund changed into Sigmund the steam dragon
  7046 | D:5      | Noticed Sigmund
  7046 | D:5      | Sigmund the steam dragon changed into Sigmund the iguana
  7056 | D:5      | Killed Sigmund the iguana
  7130 | D:5      | Found a runed door.
  7134 | D:5      | Noticed Crazy Yiuf
  7136 | D:5      | Noticed Crazy Yiuf
  7136 | D:5      | Crazy Yiuf changed into Crazy Yiuf the iguana
  7143 | D:5      | Killed Crazy Yiuf the iguana
  7296 | D:8      | Found an ancient bone altar of Kikubaaqudgha.
  7305 | D:8      | Noticed Erica
  7313 | D:8      | Killed Erica
  7482 | D:8      | Found Abbuf's Jewellery Boutique.
  7583 | D:8      | Reached XP level 10. HP: 59/76 MP: 12/14
  7694 | D:8      | Reached ** piety under Makhleb
  7721 | D:8      | Reached skill level 8 in Dodging
  7789 | D:8      | Found a roughly hewn altar of Beogh.
  7814 | D:8      | Learned a level 3 spell: Vampiric Draining
  7816 | D:8      | Learned a level 1 spell: Pain
  7820 | D:8      | Learned a level 3 spell: Spider Form
  7870 | D:8      | Reached skill level 1 in Evocations
  7961 | D:8      | Noticed Grum
  7974 | D:8      | Reached skill level 1 in Necromancy
  8022 | D:8      | Killed Grum
  8126 | D:8      | Noticed Prince Ribbit
  8137 | D:8      | Killed Prince Ribbit
  8137 | D:8      | Reached *** piety under Makhleb
  8315 | D:8      | Noticed a two-headed ogre
  8333 | D:8      | Killed a two-headed ogre
  9039 | D:9      | Noticed Maurice
  9139 | D:9      | Reached XP level 11. HP: 71/82 MP: 11/16
  9541 | D:9      | Noticed Maurice
  9541 | D:9      | Maurice changed into Maurice the wyvern
  9547 | D:9      | Killed Maurice the wyvern
  9793 | D:5      | Killed Eustachio
  9999 | D:10     | Entered Level 10 of the Dungeon
 10299 | D:10     | Reached skill level 9 in Dodging
 10380 | D:10     | Noticed a sun demon
 11016 | D:10     | Reached skill level 1 in Invocations
 11429 | D:11     | Found a staircase to the Orcish Mines.
 11493 | D:11     | Found a frozen archway.
 11517 | IceCv    | Entered an ice cave
 11524 | IceCv    | Learned a level 4 spell: Ice Form
 11722 | IceCv    | Reached skill level 1 in Ice Magic
 11788 | IceCv    | Noticed a reaper
 11806 | IceCv    | Killed a reaper
 11836 | IceCv    | Reached skill level 5 in Invocations
 12049 | D:11     | Reached **** piety under Makhleb
 12471 | D:11     | Found a staircase to the Lair.
 12591 | D:11     | Noticed Snorg
 12593 | D:11     | Noticed Snorg
 12593 | D:11     | Snorg changed into Snorg the cyclops
 12602 | D:11     | Killed Snorg the cyclops
 12621 | D:11     | Noticed a two-headed ogre
 12636 | D:11     | Killed a two-headed ogre
 12636 | D:11     | Reached XP level 12. HP: 68/90 MP: 3/10
 12988 | Lair:1   | Entered Level 1 of the Lair of Beasts
 13420 | Lair:1   | Reached ***** piety under Makhleb
 13472 | Lair:1   | Reached skill level 10 in Dodging
 13916 | Lair:2   | Found a labyrinth entrance.
 13928 | Lab      | Entered a labyrinth
 14033 | Lab      | HP: 1/90 [something (29)]
 14037 | Lab      | Slain by a shadow

Skill      XL: |  1  2  3  4  5  6  7  8  9 10 11 12 |
---------------+-------------------------------------+-----
Spellcasting   | 2 3 4 5 6 7 8 |  8.2
Unarmed Combat | 3 4 5 6 8 9 |  9.1
Dodging        | 3 4 5 6 7 8 9 10 | 10.0
Transmutations | 2 4 6 7 8 9 |  9.1
Evocations     | 4 |  4.0
Necromancy     | 4 |  4.1
Invocations    | 6 7 |  7.2
Ice Magic      | 3 |  3.1
Fighting       | |  0.8

Action                   |  1- 3 |  4- 6 |  7- 9 | 10-12 || total
-------------------------+-------+-------+-------+-------++-------
Melee: Unarmed           |   128 |   205 |   523 |   865 ||  1721
       Headbutt          |     2 |       |       |    49 ||    51
       Kick              |    19 |    47 |   106 |    34 ||   206
       Punch             |     2 |     3 |    13 |     9 ||    27
 Cast: Beastly Appendage |    37 |    35 |    66 |    44 ||   182
       Spider Form       |       |       |       |    35 ||    35
       Vampiric Draining |       |       |       |    34 ||    34
       Ice Form          |       |       |       |    13 ||    13
Invok: Lesser Servant of |       |       |       |     8 ||     8
 Abil: Heal Wounds       |     1 |     2 |    18 |    24 ||    45
       End Transformatio |       |       |       |     1 ||     1
Evoke: Wand              |       |       |    19 |    12 ||    31
  Use: Scroll            |     2 |     2 |     8 |    18 ||    30
       Potion            |       |     7 |     1 |     1 ||     9
 Stab: Distracted        |       |       |       |     2 ||     2
  Eat: Chunk             |    15 |    22 |    12 |    25 ||    74
       Ration            |       |     1 |       |       ||     1
Armor: Robe              |    30 |    38 |   155 |    82 ||   305
       Leather armour    |     6 |     1 |       |       ||     7
       Skin              |       |       |       |    62 ||    62
Dodge: Dodged            |    91 |   117 |   388 |   778 ||  1374
